Description

+1 timing attack with prism 2 archons + zealots -> into +2 3 immortal -> skytoss

Replay - Creature - 2 oracle 8 gate archon charge attack

Build Order

Get SALT Encoding   

  12  0:00  Probe  
  13  0:13  Probe  
  14  0:19  Pylon  
  14  0:25  Probe  
  15  0:33  Probe  
  15  0:39  Gateway  
  15  0:41  Probe  
  16  0:47  Assimilator  
  17  0:52  Probe  
  18  1:04  Probe  
  19  1:16  Probe  
  20  1:24  Nexus  
  20  1:34  Cybernetics Core  
  20  1:36  Probe  
  21  1:42  Assimilator  
  21  1:48  Probe  
  21  1:51  Pylon  
  23  2:11  Adept  
  26  2:18  Stargate  
  27  2:28  Warp Gate  
  29  2:39  Stalker  
  34  2:55  Oracle  
  40  3:09  Pylon  
  41  3:16  Gateway  
  45  3:34  Oracle  
  45  3:40  Nexus, Pylon  
  50  3:58  Assimilator x2  
  52  4:10  Robotics Facility  
  52  4:12  Twilight Council  
  54  4:21  Forge  
  55  4:28  Adept x2  
  60  4:37  Pylon  
  62  4:40  Gateway x2  
  62  4:46  Protoss Ground Weapons Level 1  
  62  4:52  Charge, Warp Prism  
  68  5:12  Templar Archives  
  69  5:14  Adept x2  
  76  5:23  Shield Battery  
  80  5:42  Gateway x2  
  75  5:52  High Templar x2  
  77  5:57  Archon, Gateway x2  
  77  5:58  High Templar  
  77  6:02  Assimilator x2  
  80  6:08  Observer  
  82  6:12  Zealot  
  86  6:20  Immortal  
  86  6:25  High Templar  
  88  6:31  Archon  
  88  6:32  Zealot x2  
  96  6:39  Zealot x3  
  103  6:50  Nexus  
  103  6:52  Zealot x2  
  107  7:04  Zealot x2  
  124  7:25  High Templar x4  
  137  7:31  Archon x2  
  137  7:34  Immortal  
  142  8:03  High Templar x2  
  146  8:17  Archon x2  
  151  8:25  Gateway x2  
  151  8:31  Fleet Beacon, Shield Battery  
  146  8:36  Photon Cannon  
Spawning Tool Build Advisor. Get it on Overwolf

Go to:

Details

  • Created by: dog2572
  • Published on: Feb 04, 2026
  • Modified on: Feb 04, 2026
  • Patch: 5.0.11
  • Difficulty: Medium
Show
View Real Time Build Order
Export as new Build Order

Comments (0)

There are no comments. Be the first!

Create an account to comment!